 Dungeon Crawl Stone Soup version 0.24.0-2-g5b39cebb1c (webtiles) character file.

Game seed: 10896025222706318062, levelgen mode: deterministic

918 Mrkan the Chopper (level 8, -4/70 HPs)
             Began as a Hill Orc Fighter on Oct 31, 2019.
             Was a Believer of Dithmenos.
             Splashed by Ijyb's acid (16 damage)
             ... on level 5 of the Dungeon.
             The game lasted 00:09:56 (5484 turns).

Mrkan the Chopper (Hill Orc Fighter)                Turns: 5484, Time: 00:09:57

Health: -4/70      AC:  6    Str: 19    XL:     8   Next: 9%
Magic:  8/8        EV:  4    Int:  8    God:    Dithmenos [**....]
Gold:   276        SH: 10    Dex: 12    Spells: 7/7 levels left

rFire    . . .     SeeInvis .   a - +0 war axe
rCold    . . .     Gourm    .   c - +0 shield
rNeg     . . .     Faith    .   u - +0 plate armour
rPois    .         Spirit   .   s - +0 helmet
rElec    .         Reflect  .   z - scarf {cloud immunity}
rCorr    .         Harm     .   t - +0 pair of gloves
MR       .....                  (no boots)
Stlth    ..........             (no amulet)
HPRegen  0.21/turn              (no ring)
MPRegen  0.11/turn              (no ring)

@: corroded, wreathed by umbra
A: no striking features
a: Shadow Step, Renounce Religion


You were on level 5 of the Dungeon.
You worshipped Dithmenos.
Dithmenos was pleased with you.
You were not hungry.

You visited 1 branch of the dungeon, and saw 5 of its levels.

You collected 276 gold pieces.

Inventory:

Hand Weapons
 a - a +0 war axe (weapon)
Armour
 c - a +0 shield (worn)
 s - a +0 helmet (worn)
 t - a +0 pair of gloves (worn)
 u - a +0 plate armour (worn)
 z - a scarf of cloud immunity (worn)
Jewellery
 b - an uncursed amulet of rage {unknown}
 l - an uncursed ring of positive energy
 r - an uncursed amulet of rage {unknown}
Wands
 d - a wand of flame (17)
Scrolls
 e - 6 scrolls of identify {unknown}
 g - a scroll of amnesia {unknown}
 i - 5 scrolls of fear {unknown}
 k - 2 scrolls of teleportation {unknown}
 n - 3 scrolls of enchant armour {unknown}
 o - a scroll of immolation {unknown}
 p - 3 scrolls of remove curse {unknown}
 x - a scroll of fog {unknown}
 y - a scroll of blinking {unknown}
Potions
 h - 3 potions of curing
 j - a potion of degeneration {unknown}
 m - a potion of brilliance {unknown}
 q - a potion of flight {unknown}
 v - a potion of mutation {unknown}
 w - a potion of resistance {unknown}
Comestibles
 f - 9 rations


   Skills:
 + Level 6.0 Fighting
 * Level 7.9 Axes
 + Level 5.4 Armour
 + Level 5.4 Shields


You had 7 spell levels left.
You didn't know any spells.
Your spell library was empty.

Dungeon Overview and Level Annotations

Branches:
Dungeon (5/15)             Temple (0/1) D:5

Altars:
Dithmenos
Qazlal
Trog
Xom

Shops:
D:5 =?

Annotations:
D:5 Ijyb


Message History

Ijyb zaps a wand.
The bolt of acid hits you. The acid corrodes you!
You are splashed with acid!
* * * LOW HITPOINT WARNING * * *
You closely miss Ijyb.
Ijyb is moderately wounded.
Ijyb hits you but does no damage.
You hit Ijyb but do no damage.
Ijyb is moderately wounded.
Ijyb hits you.
* * * LOW HITPOINT WARNING * * *
You hit Ijyb.
Ijyb is heavily wounded.
Ijyb hits you but does no damage.
You feel better. Ijyb hits you but does no damage.
You hit Ijyb but do no damage.
Ijyb is moderately wounded.
Ijyb zaps a wand.
The bolt of acid hits you!
* * * LOW HITPOINT WARNING * * *
You are splashed with acid!
You die...

...#######..#
#### ##.# #..
#.# #.. #.#
#.# #.# #.#
#.# #.# #.#
#.# #.# #g#
#.# #@#
#.####.#
#......#
########


You could see Ijyb.

Vanquished Creatures
  Grinder (D:5)
  An ice beast (D:5)
  2 centaurs (D:5)
  A crimson imp (D:5)
  2 hounds (D:4)
  An orc priest (D:4)
  4 orc wizards (D:4)
  Natasha (thrice) (D:2)
  7 adders
  A shadow imp (D:5)
  A worm (D:4)
  2 dart slugs
  A leopard gecko (D:5)
  10 orcs
  5 ball pythons
  7 bats
  3 giant cockroaches
  8 goblins
  7 hobgoblins
  16 jackals
  2 quokkas
  10 frilled lizards
  8 kobolds
  A leopard gecko skeleton (D:4)
  4 rats (D:1)
108 creatures vanquished.

Notes
Turn   | Place    | Note
-------+----------+-------------------------------------------
     0 | D:1      | Mrkan the Hill Orc Fighter began the quest for the Orb.
     0 | D:1      | Reached XP level 1. HP: 19/19 MP: 1/1
    83 | D:1      | Reached skill level 3 in Axes
    84 | D:1      | Reached XP level 2. HP: 24/27 MP: 2/2
   350 | D:1      | Reached XP level 3. HP: 31/33 MP: 3/3
   790 | D:2      | Found a shadowy altar of Dithmenos.
   797 | D:2      | Became a worshipper of Dithmenos the Shadowed
   797 | D:2      | Noticed Natasha
   812 | D:2      | Killed Natasha
   812 | D:2      | Reached skill level 4 in Axes
   812 | D:2      | Reached XP level 4. HP: 28/40 MP: 4/4
   830 | D:2      | Noticed Natasha
   845 | D:2      | Killed Natasha
   866 | D:2      | HP: 2/41 [poisoned by an adder]
  1141 | D:2      | Noticed Natasha
  1153 | D:2      | Killed Natasha
  1153 | D:2      | Reached XP level 5. HP: 30/47 MP: 5/5
  2114 | D:3      | Found a faded altar of an unknown god.
  2328 | D:3      | Reached skill level 5 in Axes
  2768 | D:4      | Reached * piety under Dithmenos
  2809 | D:4      | Reached XP level 6. HP: 15/55 MP: 6/6
  3032 | D:4      | Found a stormy altar of Qazlal.
  3165 | D:4      | Reached skill level 5 in Fighting
  3440 | D:4      | Reached skill level 6 in Axes
  3954 | D:5      | Entered Level 5 of the Dungeon
  3969 | D:5      | Reached XP level 7. HP: 39/61 MP: 7/7
  4106 | D:5      | Reached skill level 5 in Shields
  4188 | D:5      | Found a bloodstained altar of Trog.
  4209 | D:5      | Found Fapieq's Jewellery Boutique.
  4236 | D:5      | Found a staircase to the Ecumenical Temple.
  4257 | D:5      | Noticed Grinder
  4273 | D:5      | Paralysed by Grinder for 3 turns
  4281 | D:5      | Killed Grinder
  4281 | D:5      | Reached skill level 7 in Axes
  4281 | D:5      | Reached skill level 5 in Armour
  4582 | D:5      | Reached XP level 8. HP: 56/70 MP: 8/8
  4755 | D:5      | Found Jepro's Magic Scroll Shop.
  4771 | D:5      | Found a shimmering altar of Xom.
  5076 | D:5      | Reached ** piety under Dithmenos
  5472 | D:5      | Noticed Ijyb
  5484 | D:5      | Splashed by Ijyb's acid

Levels and vault maps discovered:
D:1:      co_arrival_square_in_a_square_in_a_square, layout_basic
D:2:      layout_basic, grunt_dithmenos_smoke, uniq_natasha
D:3:      layout_loops_ring, chequers_ecumenical_altar_simple_redux,
          st_stairs_7, minmay_statues_item
D:4:      layout_basic, first_ration, nicolae_qazlal_general_emergency
D:5:      layout_cave_pools, minmay_temple_entry_tees, serial_shops,
          nicolae_shop_behind_doors, kennysheep_little_box, basic_altar,
          serial_co_window_serial, co_window_of_opportunity_a,
          co_window_corner_a, co_window_paths_a, co_window_corner_a,
          co_window_paths_a, co_window_paths_c, co_window_broadway_c,
          co_window_broadway_a, co_window_broadway_b, co_window_broadway_b,
          glass_columns_b, trog_hazing_becter, uniq_ijyb, uniq_grinder

Skill      XL: |  1  2  3  4  5  6  7 |
---------------+----------------------+-----
Axes           | 3 4 5 6 7 |  7.9
Fighting       | 4 5 6 |  6.0
Armour         | 4 5 |  5.4
Shields        | 4 5 |  5.4

Action                   |  1- 3 |  4- 6 |  7- 9 || total
-------------------------+-------+-------+-------++-------
Melee: War axe           |    91 |   264 |   100 ||   455
  Use: Potion            |       |     3 |     1 ||     4
  Eat: Chunk             |       |    10 |     3 ||    13
       Ration            |       |       |     1 ||     1
Armor: Scale mail        |    48 |   129 |       ||   177
       Plate armour      |       |    23 |    49 ||    72
Dodge: Dodged            |    36 |    65 |    15 ||   116
Block: Shield            |    53 |   148 |    55 ||   256
